[Event "*** Titled Tuesday 3|2 Blitz"]
[Site "Chess.com"]
[Date "2016.07.05"]
[Round "4"]
[White "Alliswell998"]
[Black "pedromartinez91"]
[Result "0-1"]
[WhiteElo "2168"]
[BlackElo "2317"]
[TimeControl "180+2"]
[EndTime "17:53:34 PDT"]
[Termination "pedromartinez91 won by checkmate"]

1. e4 c5 2. Nf3 Nc6 3. d4 cxd4 4.
Nxd4 g6 5. Nc3 Bg7 6. Be3 Nf6 7. f3 O-O 8. Bc4 Qb6 9. Bb3 Ng4 10. Nd5 Nxe3 11.
Nxb6 Bxd4 12. Nxa8 Nxd1 13. Rxd1 Be5 14. O-O Bb8 15. f4 b6 16. e5 Bb7 17. Rxd7 Bxa8 18. Rfd1 a6 19. c3 g5 20. g3 e6 21. Kf2 b5 22. a4 Na5 23. Bc2 Bd5 24. axb5 axb5 25. Ra1 Nc4 26. b3 Nb6 27. Re7 Rc8 28.
Bd3 Rxc3 29. Re8+ Kg7 30. Rxb8 Rxd3 31. Rxb6 Rxb3 32. fxg5 Kg6 33. Ra7 Rf3+ 34. Ke2 Rf5 35. Kd2 Bc4 36. Rbb7 Rf2+ 37. Kc3 Rxh2 38. Rxf7 Kxg5 39.
Rxh7 Rxh7 40. Rxh7 Kf5 41. Kd4 Be2 42. Rh4 Bg4 43. Kc5 Be2 44. Kd6 Bc4 45. Rf4+ Kg5 46. Ke7 Kg6 47. Kd6 Kg5 48. Kc5 Bd3 49. Rf6 Bc4 50.
Kb4 Kg4 51. Kc5 Kxg3 52. Kd6 Kg4 53. Rf2 b4 54. Rc2 Bd5 55. Rd2 b3 56. Rb2 Kf4 57. Re2 Kf3 58. Rb2 Ke4 59. Kc5 Kxe5 60. Re2+ Kf4 61. Kb4 Kf3 62. Re5 Kf4 63. Re1 e5 64. Kc5 Bg8 65. Kb4 e4 66. Kc3 Kf3 67. Kd2 Bc4 68. Re3+ Kf4 69. Rc3 Bd5 70. Ke1 e3 71. Rc1 Be4 72. Ke2 Bf3+ 73. Ke1 Ke5 74. Rb1 Bd5 75. Ke2 Kd4 76. Rd1+ Ke4 77. Rb1 Bc4+ 78. Ke1 Kd3 79. Rb2 Kc3 80. Rc2+ Kb4 81. Rb2 Ka3 82.
Rb1 b2 83. Kd1 Ka2 84. Rc1 e2+ 85. Kd2 bxc1=Q+ 86. Kxc1 e1=Q+ 87. Kc2 Qe2+ 88. Kc1 Qb2+ 89. Kd1 Bb3+ 90. Ke1 Ka3 91. Kf1 Kb4 92. Kg1 Kc4 93. Kh1 Kd4 94. Kg1 Ke3 95. Kh1 Kf3 96. Kg1 Qg2# 0-1

[Event "*** Titled Tuesday 3|2 Blitz"]
[Site "Chess.com"]
[Date "2016.07.05"]
[Round "5"]
[White "akinov-akinseye"]
[Black "Alliswell998"]
[Result "0-1"]
[WhiteElo "1901"]
[BlackElo "2171"]
[TimeControl "180+2"]
[EndTime "17:56:31 PDT"]
[Termination "Alliswell998 won by checkmate"]

1. e4 c5 2. Nf3 d6 3. d4 cxd4 4. Nxd4 Nf6 5. Nc3 a6 6. f3 e5 7. Be3 exd4 8. Qxd4 Nc6 9. Qd2 Be7 10. O-O-O Be6 11. Kb1 O-O 12. g4 b5 13. h4 b4 14. Nd5 Bxd5 15. exd5 Ne5 16. Bg2 Nc4 17. Qd4 Nxe3 18. Qxe3 Re8 19. g5 Bf8 20. Qd3 Nh5 21. Bh3 Nf4 22. Qd4 Nxh3 23. Rxh3 Qc8 24. Rg3 Qc5 25. Qd3 Qe3 26. Qf1 Rac8 27. Rc1 Qe2 28. Qg1 g6 29. h5 Bg7 30. hxg6 hxg6 31. Rg2 Qe5 32. Rh2 Qxb2# 0-1

[Event "*** Titled Tuesday 3|2 Blitz"]
[Site "Chess.com"]
[Date "2016.07.05"]
[Round "5"]
[White "Konavets"]
[Black "Cayse"]
[Result "0-1"]
[WhiteElo "2508"]
[BlackElo "2588"]
[TimeControl "180+2"]
[EndTime "17:59:05 PDT"]
[Termination "Cayse won by resignation"]

1. e4 e5 2. Nf3 Nc6 3. Bc4 Nf6 4. d3 Bc5 5. c3 O-O 6. O-O d5 7. exd5 Nxd5 8. Re1 Bg4 9. Nbd2 Nb6 10. Bb5 Bd6 11.
h3 Bh5 12. a4 a6 13. Bxc6 bxc6 14. a5 Nd7 15. Qa4 c5 16. Qh4 Bg6 17. Qxd8 Rfxd8 18.
Ne4 f5 19. Ng3 f4 20. Ne4 Rab8 21. d4 Bxe4 22. dxe5 Nxe5 23. Rxe4 Nd3 24. Re2 c4 25.
Nd4 Bc5 26. Nc6 Re8 27. Rxe8+ Rxe8 28. Bd2 Re2 29. Rd1 Nxb2 0-1

[Event "*** Titled Tuesday 3|2 Blitz"]
[Site "Chess.com"]
[Date "2016.07.05"]
[Round "5"]
[White "IamSchrodingersCat"]
[Black "Newlight1"]
[Result "0-1"]
[WhiteElo "2232"]
[BlackElo "2289"]
[TimeControl "180+2"]
[EndTime "17:59:12 PDT"]
[Termination "Newlight1 won by resignation"]

1. e4 c5 2. Nf3 d6 3. d4 cxd4 4. Nxd4 Nf6 5. Nc3 a6 6. Be2 e5 7. Nb3 Be7 8. g4 h6 9. Be3 Be6 10. Bf3 Nbd7 11. h4 Rc8 12. Qe2 Nb6 13. Bxb6 Qxb6 14.
g5 hxg5 15. hxg5 Rxh1+ 16. Bxh1 Ng4 17. Bf3 Bc4 18. Bxg4 Bxe2 19. Bxc8 Bf3 20. Bh3 Bxg5 0-1

[Event "*** Titled Tuesday 3|2 Blitz"]
[Site "Chess.com"]
[Date "2016.07.05"]
[Round "5"]
[White "JusticeBot"]
[Black "Boryboy"]
[Result "1-0"]
[WhiteElo "2561"]
[BlackElo "2489"]
[TimeControl "180+2"]
[EndTime "17:59:16 PDT"]
[Termination "JusticeBot won by resignation"]

1. e4 e6 2. d4 d5 3. Nd2 Be7 4. Bd3 c5 5. dxc5 Nf6 6. exd5 Qxd5 7. Ngf3 Qxc5 8. O-O a6 9. Qe2 Nc6 10. c3 Bd7 11. Ne4 Nxe4 12. Bxe4 Bf6 13. Rd1 Rd8 14. Be3 Qe7 15. Bb6 Rc8 16. Qe3 Ne5 17. Nxe5 Bxe5 18. Bxb7 Rb8 19. Bxa6 Bd6 20. Rd2 Bb5 21. Bxb5+ 1-0

[Event "*** Titled Tuesday 3|2 Blitz"]
[Site "Chess.com"]
[Date "2016.07.05"]
[Round "5"]
[White "popov_m"]
[Black "rithwik2002"]
[Result "0-1"]
[WhiteElo "2191"]
[BlackElo "1999"]
[TimeControl "180+2"]
[EndTime "17:59:47 PDT"]
[Termination "rithwik2002 won by resignation"]

1. c4 e5 2. g3 Nc6 3. Bg2 f5 4. Nc3 Nf6 5. d3 Bb4 6. Bd2 O-O 7. a3 Bxc3 8. Bxc3 d6 9. Nf3 Qe8 10. d4 e4 11. Ng5 h6 12. Nh3 g5 13. e3 Rb8 14.
Bf1 b6 15. Qb3 Bd7 16. Ng1 Na5 17. Qc2 f4 18. b4 fxe3 19. fxe3 Ng4 20. bxa5 Rxf1+ 21.
Kd2 Rf2+ 22. Ne2 Ba4 23. Qa2 Qf7 24. h4 Nxe3 25. Kxe3 Qf3+ 0-1

[Event "*** Titled Tuesday 3|2 Blitz"]
[Site "Chess.com"]
[Date "2016.07.05"]
[Round "5"]
[White "DanielNaroditsky"]
[Black "saraswathii"]
[Result "1-0"]
[WhiteElo "2672"]
[BlackElo "2080"]
[TimeControl "180+2"]
[EndTime "17:59:49 PDT"]
[Termination "DanielNaroditsky won by resignation"]

1. d4 Nf6 2. Nc3 d6 3. e4 g6 4. Be2 Bg7 5. h4 h5 6. Nh3 Nbd7 7. Ng5 c5 8. Be3 cxd4 9. Bxd4 O-O 10. Qd2 Qa5 11.
a3 d5 12. e5 Ne4 13. Ngxe4 dxe4 14. e6 fxe6 15. Bxg7 Kxg7 16. O-O-O Nf6 17. Qg5 Qb6 18. g4 Nh7 19. Qe5+ Kg8 20. gxh5 Qxf2 21. Nxe4 Qe3+ 22. Kb1 Qf4 23. Qxf4 Rxf4 24. hxg6 Nf8 25. Rd8 1-0

[Event "*** Titled Tuesday 3|2 Blitz"]
[Site "Chess.com"]
[Date "2016.07.05"]
[Round "5"]
[White "simplerXiao"]
[Black "FearlessKing64"]
[Result "1-0"]
[WhiteElo "2293"]
[BlackElo "2106"]
[TimeControl "180+2"]
[EndTime "18:01:02 PDT"]
[Termination "simplerXiao won by checkmate"]

1. e4 c5 2. Nf3 d6 3. d4 cxd4 4. Nxd4 Nf6 5. Nc3 a6 6. Bc4 e6 7. Bb3 Nbd7 8. Be3 Nc5 9. Qe2 Be7 10. O-O-O Qc7 11. Bg5 O-O 12. f4 h6 13. Bh4 Nfxe4 14.
Nxe4 Nxb3+ 15. axb3 Bxh4 16. g4 d5 17. Ng3 Qxf4+ 18.
Kb1 Bf6 19. Rhf1 Qe5 20. Qf2 Bd7 21. Rfe1 Qc7 22. Nh5 Be5 23. Nf3 Bd6 24. g5 hxg5 25.
Nxg5 Rac8 26. Rg1 Bc5 27. Qh4 Bxg1 28. Nf6+ gxf6 29. Qh7# 1-0

[Event "*** Titled Tuesday 3|2 Blitz"]
[Site "Chess.com"]
[Date "2016.07.05"]
[Round "5"]
[White "underdogchss"]
[Black "Indianlad"]
[Result "0-1"]
[WhiteElo "2347"]
[BlackElo "2568"]
[TimeControl "180+2"]
[EndTime "18:01:15 PDT"]
[Termination "Indianlad won on time"]

1. d4 Nf6 2. c4 g6 3. Nc3 Bg7 4. e4 O-O 5. Nf3 d6 6. h3 e5 7. d5 a5 8. g4 Na6 9. Be3 c6 10.
Be2 Bd7 11. Nd2 Nc5 12. g5 Ne8 13. h4 f5 14. h5 f4 15. Bxc5 dxc5 16. h6 Bh8 17. Rg1 Nd6 18. Bg4 f3 19. Bxf3 Rf4 20.
Ne2 cxd5 21. Nxf4 exf4 22. cxd5 c4 23. Qc2 Rc8 24. Nb1 b5 25. Nc3 b4 26. Ne2 Be5 27.
Qd2 c3 28. bxc3 bxc3 29. Qc2 Qe8 30. Rc1 Ba4 31. Qd3 c2 32. Nd4 Rc4 33. Ne6 Bb2 34. Kd2 Qb5 35. Ke2 Bxc1 36. Rxc1 Qb2 37. Kd2 Qb4+ 38. Ke2 Bb5 0-1

[Event "*** Titled Tuesday 3|2 Blitz"]
[Site "Chess.com"]
[Date "2016.07.05"]
[Round "5"]
[White "matein28"]
[Black "vellottiwizard"]
[Result "1-0"]
[WhiteElo "2403"]
[BlackElo "2501"]
[TimeControl "180+2"]
[EndTime "18:01:22 PDT"]
[Termination "matein28 won by resignation"]

1. d4 e6 2. c4 Nf6 3. Nf3 b6 4. g3 Bb7 5. Bg2 Be7 6. O-O O-O 7. Nc3 Ne4 8. Nxe4 Bxe4 9. Ne5 Bxg2 10. Kxg2 d6 11. Nd3 d5 12. Qc2 dxc4 13. Qxc4 Nd7 14. Bf4 c5 15. dxc5 Nxc5 16. Nxc5 Bxc5 17. b4 Be7 18. Rfd1 Qc8 19. Rac1 Qxc4 20. Rxc4 Rac8 21. Rdc1 Rxc4 22. Rxc4 b5 23. Rc7 Bxb4 24. Rxa7 Bc5 25. Ra5 f6 26. Rxb5 Be7 27. Rb8 e5 28. Rxf8+ Kxf8 29. Bd2 Ba3 30. Kf3 Ke7 31. Ke4 Ke6 32. f3 g6 33. Kd3 h5 34. Kc4 g5 35. h3 e4 36.
Bb4 Bb2 37. g4 f5 38. gxh5 f4 39. fxe4 Ke5 40. Bc3+ Bxc3 41. Kxc3 Kxe4 42. h6 g4 43. hxg4 1-0

[Event "*** Titled Tuesday 3|2 Blitz"]
[Site "Chess.com"]
[Date "2016.07.05"]
[Round "5"]
[White "MinhGTrAn"]
[Black "ChessNinja48"]
[Result "0-1"]
[WhiteElo "2651"]
[BlackElo "2351"]
[TimeControl "180+2"]
[EndTime "18:01:44 PDT"]
[Termination "ChessNinja48 won by resignation"]

1. d4 Nf6 2. c4 c6 3. Nc3 d5 4. cxd5 cxd5 5. Bf4 Nc6 6. e3 e6 7.
Bd3 Bd6 8. Bxd6 Qxd6 9. f4 Bd7 10.
Nf3 a6 11. O-O b5 12. Ne5 O-O 13. Rf3 Ne7 14. Rh3 g6 15. Qe1 Kg7 16. Qh4 Neg8 17. g4 h6 18. Be2 Rac8 19. g5 Ne4 20. Ng4 h5 21. Ne5 Ne7 22. Nxe4 dxe4 23. Bxh5 Nf5 24.
Qg4 Rh8 25. Re1 Rc2 26. Bxg6 Rxh3 27. Nxf7 Rcxh2 28. Nxd6 Rh1+ 29. Kf2 R3h2+ 30. Qg2 Rxg2+ 31. Kxg2 Rxe1 32. Kf2 Rb1 0-1

[Event "*** Titled Tuesday 3|2 Blitz"]
[Site "Chess.com"]
[Date "2016.07.05"]
[Round "5"]
[White "TyIerDurden"]
[Black "Sanan_Sjugirov"]
[Result "1/2-1/2"]
[WhiteElo "2452"]
[BlackElo "2665"]
[TimeControl "180+2"]
[EndTime "18:01:59 PDT"]
[Termination "Game drawn by agreement"]

1. Nf3 Nf6 2. g3 d5 3. Bg2 c6 4.
d3 Bg4 5. O-O Nbd7 6. Nbd2 e5 7.
h3 Bh5 8. e4 Bd6 9. b3 O-O 10.
Bb2 Re8 11. g4 Bg6 12. Nh4 Bc5 13. Nxg6 hxg6 14. Re1 a5 15. c3 dxe4 16. Nxe4 Nxe4 17. Rxe4 Nf6 18. Re1 Nd5 19. d4 exd4 20. Rxe8+ Qxe8 21. Bxd5 cxd5 22. cxd4 Bd6 23. Qd2 Qd7 24. a4 Bb4 25. Bc3 Qd6 26. Bxb4 axb4 27. Rc1 Re8 28. Re1 Rc8 29.
Rc1 Re8 30. Re1 Rf8 31. Qe2 Qc7 32. Qe7 Qc3 33. Qe3 Rc8 34. Kh2 Qb2 35. Re2 Qb1 36.
Re1 Qc2 37. Re2 Qc7+ 38. Kg1 Qc6 39. Qf3 Rd8 40. Re5 f6 41. Re2 Kf7 42. Qe3 Qd7 43.
Qd2 Qd6 44. Qc2 Rh8 45. Kg2 Rd8 1/2-1/2

[Event "*** Titled Tuesday 3|2 Blitz"]
[Site "Chess.com"]
[Date "2016.07.05"]
[Round "5"]
[White "E-Shaposhnikov"]
[Black "LaStreetCmaMaison"]
[Result "1-0"]
[WhiteElo "2669"]
[BlackElo "2483"]
[TimeControl "180+2"]
[EndTime "18:02:01 PDT"]
[Termination "E-Shaposhnikov won on time"]

1. e4 e6 2. d4 d5 3. Nc3 Nf6 4. e5 Nfd7 5. f4 c5 6. Nf3 a6 7. Ne2 cxd4 8. Nexd4 Nc6 9. c3 Nc5 10. Be3 Bd7 11. Be2 Be7 12. O-O O-O 13. Nxc6 bxc6 14. Qc2 f6 15. exf6 gxf6 16. Kh1 Be8 17. Nd4 e5 18. fxe5 fxe5 19. Nf5 Bg6 20. Bg4 Kh8 21. Qe2 Ne4 22. Bh6 Rf7 23. Nxe7 Qxe7 24. Rxf7 Bxf7 25. Be3 Qh4 26. Kg1 Rg8 27. Bf5 Bh5 28.
Qe1 Qf6 29. Bxe4 dxe4 30. Bf2 Bf3 31. Bg3 Bxg2 32. Kxg2 Qf3+ 33. Kg1 h5 34. Qd2 e3 35. Qg2 Qf5 36. Rf1 Qe6 37. Qf3 Rg4 38. Qf8+ Rg8 39.
Qf5 Qe8 40. Kh1 1-0

[Event "*** Titled Tuesday 3|2 Blitz"]
[Site "Chess.com"]
[Date "2016.07.05"]
[Round "5"]
[White "proxy6"]
[Black "Viaje"]
[Result "0-1"]
[WhiteElo "1915"]
[BlackElo "2129"]
[TimeControl "180+2"]
[EndTime "18:02:05 PDT"]
[Termination "Viaje won on time"]

1. d4 Nf6 2. c4 c5 3. d5 b5 4.
cxb5 a6 5. bxa6 g6 6. Nc3 Bg7 7. Nf3 O-O 8. e4 Qa5 9. Bd3 Nxd5 10. exd5 Bxc3+ 11. bxc3 Qxc3+ 12. Bd2 Qxd3 13. Be3 Qxd1+ 14. Rxd1 d6 15. O-O Nxa6 16. Rfe1 Nb4 17. Bh6 Re8 18. Bg5 Ra7 19. Re2 e5 20. dxe6 Bxe6 21. Rxd6 Rxa2 22. Rxa2 Nxa2 23. h3 c4 24. Nd4 c3 25. Rc6 Bd5 26.
Rc5 Be4 27. f3 Bd3 28. Kf2 Kg7 29. Ra5 Nb4 30. Ra3 Rc8 31. Ne2 c2 32. Nc1 Bf5 33. g4 Be6 34. Ra4 Nd5 35. Bd2 h6 36. Ra7 g5 37.
Rb7 Kg6 0-1

[Event "*** Titled Tuesday 3|2 Blitz"]
[Site "Chess.com"]
[Date "2016.07.05"]
[Round "5"]
[White "pedromartinez91"]
[Black "Izoria123"]
[Result "0-1"]
[WhiteElo "2314"]
[BlackElo "2598"]
[TimeControl "180+2"]
[EndTime "18:02:30 PDT"]
[Termination "Izoria123 won on time"]

1. b3 e5 2. Bb2 d6 3. e3 g6 4. Nc3 Bg7 5. d4 exd4 6. exd4 Nc6 7. Nge2 Nh6 8. h3 Nf5 9. d5 Ne5 10. Qd2 Qh4 11. Qf4 Qe7 12. g4 Nd4 13. Kd1 Nxe2 14. Bxe2 O-O 15. Qg3 f5 16. f4 Nd7 17. gxf5 Rxf5 18.
Bg4 Nc5 19. Re1 Qf8 20. Bxf5 Bxf5 21. b4 Nd7 22. Na4 Nf6 23. Kc1 b5 24. Nc3 a6 25.
a4 bxa4 26. Rxa4 Nh5 27. Qf2 Nxf4 28. Kb1 Nxh3 29. Qf1 Ng5 30. Rxa6 Rb8 31. b5 Nf7 32.
Ra7 Qc8 33. Re7 Rb7 34. b6 Rxb6 35. Rexc7 Qb8 36. Rxf7 Rxb2+ 37. Kc1 Bxc3 38. Rg7+ Bxg7 0-1

[Event "*** Titled Tuesday 3|2 Blitz"]
[Site "Chess.com"]
[Date "2016.07.05"]
[Round "5"]
[White "ruifeng"]
[Black "Evgeny_Levin"]
[Result "0-1"]
[WhiteElo "2316"]
[BlackElo "2620"]
[TimeControl "180+2"]
[EndTime "18:02:36 PDT"]
[Termination "Evgeny_Levin won by resignation"]

1. e4 Nf6 2. Nc3 d5 3. exd5 Nxd5 4. Nf3 c6 5. Bc4 Bg4 6. O-O e6 7. Ne4 Nd7 8. h3 Bxf3 9. Qxf3 Ne5 10. Qb3 Nxc4 11.
Qxc4 Be7 12. d4 O-O 13. Qe2 Nf6 14. c3 Nxe4 15. Qxe4 Qd5 16. Qg4 b5 17. Bh6 Bf6 18. h4 b4 19. Rfe1 bxc3 20. bxc3 Rab8 21. Re3 Kh8 22.
Bg5 Bd8 23. Re5 Qd6 24. Bf4 Bc7 25.
Re4 Qd7 26. Bxc7 Qxc7 27. Qg5 Rb5 28. Qe3 Rfb8 29. Re1 Rb2 30. a4 Qd6 31. h5 h6 32.
g4 Rb1 33. Kg2 Rxe1 34. Qxe1 Qd5 35. Kg3 Rb3 36. Re3 Qc4 37. a5 Qd5 38. a6 Qc4 39. Rf3 Kg8 40. Qe3 Qxa6 41. g5 hxg5 42. Qxg5 Qf1 43.
Qd8+ Kh7 44. Rxf7 Rxc3+ 45. f3 Qg1+ 46. Kh3 Rc2 47. Qd6 Qh1+ 48. Kg4 Rg2+ 49. Kf4 Qh2+ 0-1

[Event "*** Titled Tuesday 3|2 Blitz"]
[Site "Chess.com"]
[Date "2016.07.05"]
[Round "5"]
[White "aripov96"]
[Black "AdrianaNikolova"]
[Result "1-0"]
[WhiteElo "2282"]
[BlackElo "2298"]
[TimeControl "180+2"]
[EndTime "18:02:45 PDT"]
[Termination "aripov96 won by resignation"]

1. Nf3 d5 2. g3 Nf6 3. Bg2 e6 4. O-O Be7 5. c4 O-O 6. cxd5 exd5 7. d4 b6 8. Nc3 Bb7 9. Bg5 Nbd7 10. Rc1 Ne4 11.
Bxe7 Qxe7 12. Nxe4 dxe4 13. Nd2 c5 14. Nb3 Rac8 15.
dxc5 Nxc5 16. Nxc5 Rxc5 17. Rxc5 Qxc5 18. Qa4 b5 19. Qb3 Bd5 20. Qd1 f5 21. e3 Bxa2 22. Qa1 Bc4 23. Rc1 Qb6 24. b4 Rd8 25. Qe5 Qd6 26.
Qxf5 Qd2 27. Ra1 Qc3 28. Rb1 Qc2 29. Bxe4 Rd1+ 30. Kg2 Bf1+ 31. Kf3 Qe2+ 32. Kf4 Qxf2+ 33. Ke5 Qxf5+ 34. Bxf5 Rxb1 35. Bxb1 h6 36. Kd6 Kf7 37. e4 Bc4 38. e5 g5 39. Bf5 Ke8 40. Bg6+ Kf8 41.
e6 Bxe6 42. Kxe6 Kg7 43. Bd3 g4 44. Bxb5 a5 45. bxa5 h5 46. a6 h4 47. a7 Kh6 48.
a8=Q hxg3 49. hxg3 Kh5 1-0

[Event "*** Titled Tuesday 3|2 Blitz"]
[Site "Chess.com"]
[Date "2016.07.05"]
[Round "5"]
[White "Journey_to_GrandMaster_YT"]
[Black "MaestroASK"]
[Result "0-1"]
[WhiteElo "2425"]
[BlackElo "2487"]
[TimeControl "180+2"]
[EndTime "18:02:54 PDT"]
[Termination "MaestroASK won by resignation"]

1. d4 d6 2. Nf3 g6 3. e4 Bg7 4. Bd3 e5 5. c3 Nd7 6. O-O Ngf6 7. Re1 O-O 8. h3 Ne8 9. Nbd2 Qe7 10. a4 a5 11. Nc4 f6 12. b3 Kh8 13.
Ba3 Ra7 14. Qd2 Ra8 15. Rad1 Ra7 16. Ne3 Nb6 17. dxe5 fxe5 18. c4 Be6 19. Nd5 Bxd5 20. cxd5 Nd7 21. Rc1 b6 22. Ng5 Bh6 23. h4 Nc5 24.
Bc2 Nf6 25. Qe2 Bxg5 26. hxg5 Nh5 27. Qe3 Nf4 28. Qg3 Raa8 29. Re3 Nh5 30. Qh3 Qxg5 31.
Bxc5 bxc5 32. Qd7 Qd8 33. Qxd8 Raxd8 34. g3 Nf6 35. Bd3 Ng4 36. Re2 Rf3 37. Bc4 Rdf8 38. Rcc2 Kg7 39. Kg2 h5 40. Rb2 g5 41. Bb5 Rc3 42.
Bd7 Rff3 43. Be8 Kh6 44. Bc6 Rxb3 45. Rxb3 Rxb3 46. f3 Nf6 47. Rc2 g4 48. fxg4 hxg4 49. Re2 Nh5 50. Bd7 Rxg3+ 51. Kh2 Rh3+ 52. Kg2 Nf4+ 53.
Kf1 Nxe2 54. Bxg4 Re3 55. Bxe2 Rxe4 0-1

[Event "*** Titled Tuesday 3|2 Blitz"]
[Site "Chess.com"]
[Date "2016.07.05"]
[Round "5"]
[White "destroyer305"]
[Black "goingin33"]
[Result "0-1"]
[WhiteElo "2197"]
[BlackElo "2170"]
[TimeControl "180+2"]
[EndTime "18:03:00 PDT"]
[Termination "goingin33 won on time"]

1. e4 e6 2. Qe2 c5 3. c3 Nc6 4. g3 Nge7 5. Bg2 g6 6. Nf3 Bg7 7. O-O d6 8. Rd1 O-O 9. d4 cxd4 10. cxd4 d5 11. e5 b6 12. Nbd2 Nb4 13. Nf1 Ba6 14. Qd2 Nbc6 15. Ne3 Na5 16. b3 Rc8 17. Ng4 Nf5 18. Qe1 Rc2 19. Bg5 Qc8 20. Rac1 Qc6 21. Nf6+ Kh8 22. g4 Nh6 23. Qe3 Ng8 24. Nxg8 Kxg8 25.
Bf6 Rc8 26. Rxc2 Qxc2 27. Re1 Qc7 28. Qg5 h6 29. Qh4 Nc6 30. Rc1 Qd7 31. Bxg7 Kxg7 32. Qf6+ Kg8 33. Re1 Qe7 34. Qf4 Kg7 35. h4 Nb4 36.
Re3 Nc2 37. g5 h5 38. Kh2 Nxe3 39. Qxe3 Rc2 40. Ne1 Re2 41. Qc3 Rxf2 42. Nd3 Rxa2 43. Nb4 Ra5 44. Nxa6 Rxa6 45. Qc8 Ra2 46. Qc1 Qa3 47. Qf1 Qb2 48. Qf6+ Kg8 49. Qd8+ Kh7 0-1

[Event "*** Titled Tuesday 3|2 Blitz"]
[Site "Chess.com"]
[Date "2016.07.05"]
[Round "5"]
[White "EltajSafarli"]
[Black "FairChess_on_YouTube"]
[Result "1-0"]
[WhiteElo "2816"]
[BlackElo "2726"]
[TimeControl "180+2"]
[EndTime "18:03:15 PDT"]
[Termination "EltajSafarli won by resignation"]

1. e4 e5 2. Nf3 Nc6 3. Bb5 Nf6 4. O-O Nxe4 5. d4 Nd6 6. dxe5 Nxb5 7. a4 Nbd4 8. Nxd4 Nxd4 9. Qxd4 d5 10. Nc3 c6 11.
a5 Be7 12. Qd3 O-O 13. Ne2 f6 14. Bf4 fxe5 15. Bxe5 Bf6 16. Bxf6 Qxf6 17. b4 Bf5 18. Qd2 b6 19. axb6 axb6 20. Rxa8 Rxa8 21. b5 Bg4 22. f3 Bd7 23. bxc6 Qxc6 24. Nd4 Qc4 25. Rb1 b5 26. h3 h6 27. Kh2 Qc7+ 28. Kh1 Ra4 29. Ne2 Qe5 30. Rd1 Rc4 31. c3 Kh7 32. Qxd5 Qxe2 33. Qxd7 Qc2 34. Rd3 Qc1+ 35. Kh2 Qf4+ 36. Kg1 Qc1+ 37.
Kf2 Qg5 38. Re3 Rc5 39. Qd3+ Qg6 40. Re4 h5 41. h4 Rc8 42. g3 Kh8 43. Kg2 Kh7 44.
Qe3 Rc6 45. Re5 b4 46. cxb4 Rc2+ 47. Kh3 Rb2 48. Rg5 Qf7 49. Qe4+ Kg8 50. Rd5 Qf6 51. Qe8+ Kh7 52. Rxh5+ 1-0

[Event "*** Titled Tuesday 3|2 Blitz"]
[Site "Chess.com"]
[Date "2016.07.05"]
[Round "5"]
[White "Superfelix"]
[Black "AlexanderL"]
[Result "1/2-1/2"]
[WhiteElo "2346"]
[BlackElo "2546"]
[TimeControl "180+2"]
[EndTime "18:03:19 PDT"]
[Termination "Game drawn - insufficient material"]

1. e4 e6 2. d4 d5 3. Nd2 c5 4. exd5 Qxd5 5. Ngf3 cxd4 6. Bc4 Qd7 7. O-O Nc6 8. Nb3 a6 9. Nbxd4 Nxd4 10. Qxd4 Qxd4 11. Nxd4 Nf6 12. Re1 Bc5 13. c3 Bxd4 14. cxd4 O-O 15. Bg5 Bd7 16. Rad1 Rac8 17. Bb3 Bb5 18. Rc1 Rxc1 19.
Rxc1 Bc6 20. Bc4 Ne4 21. Bf4 Rc8 22. Bb3 Rd8 23. f3 Nd6 24. d5 exd5 25. Bxd5 Bxd5 26.
Bxd6 Bxa2 27. Be7 Re8 28. Rd1 Be6 29. Rd8 Rxd8 30. Bxd8 Kf8 31. Kf2 Ke8 32. Ba5 Kd7 33.
Bc3 f6 34. Ke3 Kc6 35. g4 Kd5 36. h4 Kc4 37. g5 fxg5 38. hxg5 g6 39. Kd2 b6 40. f4 a5 41. Bf6 b5 42. Kc1 Bf5 43. Bd8 a4 44. Be7 Kb3 45. Bf8 b4 46.
Be7 a3 47. bxa3 Kxa3 48. Bd6 Kb3 49. Be7 Kc3 50. Bf6+ Kd3 51. Kb2 Be6 52. Be5 Ke4 53. Bd6 Kf5 54. Bb8 b3 55. Bc7 Bd5 56. Bb8 Ke6 57.
Bc7 Kf7 58. Bb8 Kg8 59. Be5 Kf7 60. Bb8 Bc4 61. Bc7 Be6 62. Bb8 Kg8 63. Bc7 h5 64. gxh6 Kh7 65. Bb8 Kxh6 66. Bc7 g5 67. fxg5+ Kxg5 68. Bb8 Kg4 69. Bc7 Bf5 70. Bb8 Bg6 71. Kxb3 Bc2+ 72.
Kxc2 1/2-1/2

[Event "*** Titled Tuesday 3|2 Blitz"]
[Site "Chess.com"]
[Date "2016.07.05"]
[Round "5"]
[White "WanderingPuppet"]
[Black "ZapataCharlesS"]
[Result "0-1"]
[WhiteElo "2281"]
[BlackElo "2476"]
[TimeControl "180+2"]
[EndTime "18:03:43 PDT"]
[Termination "ZapataCharlesS won by checkmate"]

1. e4 c5 2. Nf3 Nc6 3. Bb5 Nd4 4. Bc4 e6 5. O-O Nf6 6. e5 d5 7. Nxd4 cxd4 8. Bb5+ Bd7 9. Qe2 Bxb5 10. Qxb5+ Nd7 11.
c3 dxc3 12. dxc3 Qb6 13. Qa4 Qc6 14. Qf4 Rc8 15. Be3 Bc5 16. Nd2 O-O 17. Nf3 Bxe3 18. Qxe3 Qb6 19. Qe2 Rc4 20. Rfe1 Rfc8 21. Rad1 Re4 22.
Qd2 Rxe1+ 23. Rxe1 h6 24. h3 a5 25. Re2 a4 26. a3 Nc5 27. Qc2 Qa6 28. Nd4 Qd3 29. Qd2 Qxd2 30. Rxd2 Ne4 31. Re2 Nc5 32. f3 g5 33. g3 Kg7 34. Kf2 h5 35. Ke3 Kg6 36. Kd2 g4 37. hxg4 hxg4 38. fxg4 Ne4+ 39. Kc2 Nxg3 40. Rf2 Ne4 41. Rh2 Kg7 42. Nf3 b5 43. Nd4 b4 44. axb4 a3 45. bxa3 Rxc3+ 46. Kb2 Rc4 47.
Nb5 Ng5 48. Nd6 Rxg4 49. b5 Nf3 50. Rf2 Nxe5 51. b6 Nd3+ 52. Kc3 Nxf2 53. b7 Rg3+ 54. Kb4 Nd3+ 55. Kb5 Ne5 56. Kb6 Rb3+ 57. Kc7 d4 58. a4 d3 59. Ne4 Rb4 60. a5 Rc4+ 61. Kb6 Rxe4 62. a6 d2 63. a7 d1=Q 64. b8=Q Rb4+ 65.
Kc7 Qd7# 0-1

[Event "*** Titled Tuesday 3|2 Blitz"]
[Site "Chess.com"]
[Date "2016.07.05"]
[Round "5"]
[White "SwiftyMcBishop"]
[Black "RobertoJBM"]
[Result "1/2-1/2"]
[WhiteElo "2058"]
[BlackElo "2234"]
[TimeControl "180+2"]
[EndTime "18:03:45 PDT"]
[Termination "Game drawn - insufficient material"]

1. e4 c6 2. d4 d5 3. exd5 cxd5 4. c4 Nf6 5. Nc3 e6 6. Bg5 Be7 7. Nf3 Qa5 8. cxd5 Nxd5 9. Bd2 Nxc3 10. bxc3 O-O 11.
Bd3 b6 12. Be4 Ba6 13. Bxa8 Nd7 14. Be4 Nf6 15. c4 Qa3 16. Qc2 Nxe4 17. Qxe4 Bxc4 18.
Qe3 Qa4 19. Ne5 Ba6 20. Nd3 Rd8 21. O-O Qxd4 22. Qxd4 Rxd4 23. Rfc1 Rxd3 24. Be3 Rd7 25. Rd1 Rb7 26. Rac1 f6 27. Rd2 Bb5 28. Rdc2 Bd6 29. Rd1 Be7 30. Rc8+ Kf7 31. Rdc1 Bd6 32. Rd8 Be7 33.
Rdc8 Bd6 34. Rh8 h6 35. Bxh6 Ba3 36. Rd1 Ba4 37. Re1 Bb4 38. Re4 Rd7 39. h3 Rd1+ 40. Kh2 Bd6+ 41. Bf4 Bc6 42. Rc4 Bd5 43. Ra4 Bxf4+ 44.
Rxf4 Rd2 45. Rb8 Rxa2 46. Rg4 Rxf2 47. Rc8 g5 48. Rc7+ Kg6 49. Rxa7 f5 50. Rg3 f4 51.
Rg4 Bf3 52. Kg1 Bxg4 53. Kxf2 Bf5 54. Rb7 g4 55. hxg4 Bxg4 56. Rxb6 Kf5 57. Rb5+ e5 58.
Rb8 Bd1 59. Rf8+ Ke4 60. Re8 Bg4 61. Rg8 Bd1 62. Ke1 Ba4 63. Kf2 Bd1 64. Ke1 Ba4 65.
Kd2 Bc6 66. Kc3 Ke3 67. Rg5 e4 68. Kc2 Ba4+ 69. Kc1 f3 70. gxf3 exf3 71. Rg3 Ke2 72. Rxf3 Kxf3 1/2-1/2

[Event "*** Titled Tuesday 3|2 Blitz"]
[Site "Chess.com"]
[Date "2016.07.05"]
[Round "5"]
[White "chessking2151"]
[Black "bilelou"]
[Result "0-1"]
[WhiteElo "2318"]
[BlackElo "2289"]
[TimeControl "180+2"]
[EndTime "18:03:58 PDT"]
[Termination "bilelou won by resignation"]

1. e4 c5 2. c3 d6 3. d4 Nf6 4. Bd3 Qc7 5. Nf3 g6 6. h3 Bg7 7.
O-O O-O 8. Nbd2 Nbd7 9. Re1 e5 10.
Nf1 b6 11. Bg5 Bb7 12. Ng3 Rfe8 13. Rc1 c4 14. Bb1 b5 15. d5 a5 16. Nh2 b4 17. b3 Ba6 18. cxb4 axb4 19. bxc4 Nc5 20. Ng4 Nxg4 21. Qxg4 f6 22. Bd2 Bc8 23. Qe2 b3 24. Be3 bxa2 25. Bxa2 Bd7 26. Bb1 Reb8 27. h4 Ra3 28. h5 g5 29. Bc2 h6 30. Rb1 Rba8 31. Qd2 Bf8 32. Qe2 Be7 33. Rec1 Bd8 34. Qf3 Rc3 35. Qe2 Qa7 36. Bd2 Rxg3 37. fxg3 Nd3+ 38. Be3 Nxc1 39. Rxc1 Bb6 40. Bxb6 Qxb6+ 41. Kh2 Ra3 42. Rb1 Qc7 43. Rf1 Kg7 44. Qf2 Qd8 45.
Bd1 Rc3 46. Be2 Rc2 47. Qe3 Qa5 48. Bd3 Rc3 49. Qd2 Qa3 50. Qf2 f5 51. Qb6 Qc5 52.
Qd8 Qc8 53. Qe7+ Kg8 54. exf5 Qe8 55. Qxd6 Rxd3 56. f6 Kf7 57. Kg1 Rxg3 58. c5 Bh3 59. Qc7+ Qd7 60. Qxe5 Rxg2+ 61. Kh1 Rd2 62. d6 Qc6+ 0-1